 Dungeon Crawl Stone Soup version 0.19-b1-4-gd8a0a2a (webtiles) character file.

262 Djon the Insei (level 6, -2/41 HPs)
             Began as an Octopode Transmuter on Oct 30, 2016.
             Killed from afar by an orc wizard (4 damage)
             ... with a puff of frost
             ... on level 3 of the Dungeon.
             The game lasted 00:05:16 (3617 turns).

Djon the Insei (Octopode Transmuter)                Turns: 3617, Time: 00:05:17

Health: -2/41      AC:  1    Str: 10    XL:     6   Next: 18%
Magic:  9/9        EV: 15    Int: 17    God:
Gold:   223        SH:  0    Dex: 12    Spells: 1 memorised, 8 levels left

rFire  . . .     SeeInvis .       - Unarmed
rCold  . . .     Gourm    .     (no shield)
rNeg   . . .     Faith    .     (helmet restricted)
rPois  .         Spirit   .     (no amulet)
rElec  .         Reflect  .     (no ring)
rCorr  .         Harm     .     q - +1 ring of evasion
MR     .....                    (no ring)
Stlth  ++........               (no ring)
                                (no ring)
                                (no ring)
                                (no ring)
                                (no ring)

@: no status effects
A: almost no armour, stealthy swim, amphibious, 8 rings, constrict 8, camouflage
1, gelatinous body 1
a: no special abilities


You were on level 3 of the Dungeon.
You were not hungry.

You visited 1 branch of the dungeon, and saw 3 of its levels.

You collected 223 gold pieces.

Inventory:

Jewellery
 q - a +1 ring of evasion (right tentacle)
Scrolls
 f - 3 scrolls of teleportation
Potions
 d - a potion of agility
 e - a potion of degeneration {unknown}
 j - 5 potions of curing
 l - a potion of ambrosia
 m - a potion of magic {unknown}
Books
 b - a book of Changes

   Spells                             Type                      Level
   a - Beastly Appendage              Transmutation                1
   b - Sticks to Snakes               Transmutation                2
   c - Spider Form                    Transmutation/Poison         3
   d - Ice Form                       Ice/Transmutation            4
   e - Blade Hands                    Transmutation                5
 k - a book of Dreams

   Spells                             Type                      Level
   a - Ensorcelled Hibernation        Hexes/Ice                    2
   b - Silence                        Hexes/Air                    5
   c - Darkness                       Hexes                        6
   d - Shadow Creatures               Summoning                    6
Comestibles
 a - 3 meat rations
 c - 4 bread rations
 g - a beef jerky
 h - a slice of pizza
 n - a royal jelly
 o - 8 chunks of flesh


   Skills:
 + Level 2.9 Fighting
 + Level 3.1 Dodging
 * Level 5.4 Unarmed Combat
 - Level 2.0 Spellcasting
 - Level 2.0 Transmutations


You had 8 spell levels left.
You knew the following spells:

 Your Spells              Type           Power        Failure   Level  Hunger
a - Beastly Appendage     Tmut           #.....       10%         1    #......


Dungeon Overview and Level Annotations

Branches:
Dungeon (3/15)

Altars:
Xom


Innate Abilities, Weirdness & Mutations

You cannot wear most types of armour.
You are very stealthy in the water. (Stealth+)
You are amphibious.
You can wear up to eight rings at the same time.
You can use your tentacles to constrict eight enemies at once.
Your skin changes colour to match your surroundings (Stealth+).
Your rubbery body absorbs attacks. (AC +1, EV +1)


Message History

You hear some strange, mumbled words.
A puff of frost appears from out of thin air!
The puff of frost hits you!
* * * LOW HITPOINT WARNING * * *
You hear some strange, mumbled words.
A puff of flame appears from out of thin air!
The puff of flame misses you. Something hits you but does no damage.
Things that are here:
a dagger; a robe; an orc corpse Something hits you but does no damage.
You hear some strange, mumbled words.
A magic dart appears from out of thin air!
The magic dart hits you!
* * * LOW HITPOINT WARNING * * *
Items here: ))) [[ † You hear some strange, mumbled words.
A puff of frost appears from out of thin air!
The puff of frost hits you!
You die...

...#####.#.# #...# #.
##.......#.# #...# #.
##########.# #...###### #.
...........# #........#########.
################.[.....#.........
...............÷.......#.########
########################.# ....
#.....#######.# ####
##'###@........# #...{)##########
#....)# #.....# #.....# #.....#
########.....###
#................
#................


There were no monsters in sight!

Vanquished Creatures
  An orc wizard (D:3)
  Ijyb (D:2)
  Natasha (thrice) (D:2)
  A worker ant (D:3)
  An adder (D:2)
  2 oozes
  4 worms
  2 dart slugs (D:1)
  A leopard gecko (D:2)
  7 orcs (D:3)
  2 giant cockroaches (D:1)
  6 goblins
  10 hobgoblins
  7 jackals
  7 kobolds
  A quokka (D:2)
  A ball python (D:2)
  6 bats
  3 frilled lizards
  6 rats
  A fungus (D:1)
73 creatures vanquished.

Notes
Turn   | Place    | Note
-------+----------+-------------------------------------------
     0 | D:1      | Djon the Octopode Transmuter began the quest for the Orb.
     0 | D:1      | Reached XP level 1. HP: 13/13 MP: 3/3
   363 | D:1      | Reached XP level 2. HP: 18/18 MP: 5/5
   637 | D:1      | Reached XP level 3. HP: 23/23 MP: 6/6
   889 | D:2      | Noticed Natasha
   894 | D:2      | Killed Natasha
   896 | D:2      | Reached skill level 4 in Unarmed Combat
   896 | D:2      | Reached XP level 4. HP: 19/29 MP: 7/7
  1109 | D:2      | Noticed Natasha
  1120 | D:2      | Killed Natasha
  1575 | D:2      | Found a shimmering altar of Xom.
  1575 | D:2      | Found a shimmering altar of Xom.
  1575 | D:2      | Found a shimmering altar of Xom.
  1946 | D:2      | Noticed Ijyb
  1954 | D:2      | Killed Ijyb
  1954 | D:2      | Reached XP level 5. HP: 28/35 MP: 8/8
  2435 | D:2      | Noticed Natasha
  2442 | D:2      | Killed Natasha
  2442 | D:2      | Reached skill level 5 in Unarmed Combat
  3375 | D:3      | Reached XP level 6. HP: 41/41 MP: 9/9
  3616 | D:3      | HP: 2/41 [something/magic dart (7)]
  3617 | D:3      | Killed from afar by an orc wizard

Skill      XL: |  1  2  3  4  5 |
---------------+----------------+-----
Fighting       | 2 |  2.9
Unarmed Combat | 4 5 |  5.4
Dodging        | 3 |  3.1
Spellcasting   | |  2.0
Transmutations | |  2.0

Action                   |  1- 3 |  4- 6 || total
-------------------------+-------+-------++-------
Melee: Unarmed           |    66 |   130 ||   196
       Constrict         |    17 |    32 ||    49
       Tentacles         |    10 |    22 ||    32
       Punch             |     1 |     3 ||     4
  Use: Scroll            |       |     5 ||     5
 Stab: Sleeping          |     5 |     2 ||     7
       Distracted        |       |     1 ||     1
  Eat: Chunk             |       |     8 ||     8
Armor: Skin              |     2 |    12 ||    14
Dodge: Dodged            |    35 |    78 ||   113
